 Dungeon Crawl Stone Soup version 0.31-a0-196-g86fe4a5e66 (webtiles) character file.

Game seed: 7115676891737256276

261 qw the Skirmisher (level 5, -1/29 HPs)
             Began as a Deep Elf Hunter on June 24, 2023.
             Was an Initiate of Okawaru.
             Succumbed to a scorpion's poison
             ... on level 5 of the Dungeon.
             The game lasted 00:01:40 (3072 turns).

qw the Skirmisher (Deep Elf Hunter)                 Turns: 3072, Time: 00:01:40

Health: -1/29      AC:  9    Str: 10    XL:     5   Next: 96%
Magic:  7/7        EV: 11    Int: 14    God:    Okawaru [......]
Gold:   215        SH:  0    Dex: 18    Spells: 4/4 levels left

rFire   . . .        Y - +1 shortbow (flame)
rCold   + . .        (shield currently unavailable)
rNeg    . . .        d - +0 ring mail
rPois   .            i - +0 helmet
rElec   .            f - +1 cloak
rCorr   .            (no gloves)
SInv    .            b - +0 pair of boots
Will    .....        (no amulet)
Stlth   +            h - ring of protection from cold
HPRegen 0.24/turn    (no ring)
MPRegen 0.10/turn

%: no passive effects
@: lethally poisoned (-1 -> -6)
A: hooves 1
a: Renounce Religion


You were on level 5 of the Dungeon.
You worshipped Okawaru.
Okawaru was noncommittal.
You visited 2 branches of the dungeon, and saw 6 of its levels.

You collected 215 gold pieces.


Innate Abilities, Weirdness & Mutations

You have large cloven feet.


   Skills:
 - Level 1.5 Fighting
 + Level 8.9 Ranged Weapons
 - Level 1.9 Armour
 - Level 2.4 Dodging
 - Level 1.2 Stealth


You had 4 spell levels left.
You didn't know any spells.
Your spell library was empty.

Inventory:

Hand Weapons
 Y - a +1 shortbow of flaming (weapon)
Armour
 b - a +0 pair of boots (worn)
 d - a +0 ring mail (worn)
 f - a +1 cloak (worn)
 i - a +0 helmet (worn)
Jewellery
 h - a ring of protection from cold (left hand)
Scrolls
 c - a scroll of identify
Potions
 a - a potion of mutation
 e - a potion of curing {unknown}
 g - a potion of magic {unknown}

Dungeon Overview and Level Annotations

Branches:
Dungeon (5/15)             Temple (1/1) D:4

Altars:
Dithmenos
Elyvilon
Makhleb
Nemelex Xobeh
Okawaru
Qazlal
Ru
Trog
Uskayaw
Wu Jian
Yredelemnul
Zin

Shops:
D:1 :


Message History

The scorpion splashes around in the water.
You shoot an arrow. The arrow hits the scorpion.
The arrow burns the scorpion.
The scorpion is heavily wounded.
The scorpion splashes around in the water. x2
You shoot an arrow.
The arrow hits the scorpion but does no damage.
The scorpion is heavily wounded.
The scorpion misses you.
You shoot an arrow. The arrow hits the scorpion.
The arrow burns the scorpion.
The scorpion is almost dead.
The scorpion stings you.
You shoot an arrow.
The arrow completely misses the scorpion.
The arrow hits the plant.
The plant begins to die.
The arrow burns the plant.
The plant is lightly damaged.
The scorpion stings you but does no damage.
You shoot an arrow.
The arrow hits the scorpion but does no damage.
The scorpion is almost dead.
The scorpion stings you.
You are poisoned.
The scorpion poisons you! The scorpion stings you.
You are lethally poisoned!
The scorpion poisons you!
You shoot an arrow. The arrow hits the scorpion.
The arrow burns the scorpion.
You kill the scorpion!
Okawaru accepts your kill.
You feel very sick.
Your Armour skill increases to level 1!
There is a lethal amount of poison in your body!
You feel very sick.
There is a lethal amount of poison in your body!
You feel very sick.
A nearby plant withers and dies.
There is a lethal amount of poison in your body!
You feel sick.
There is a lethal amount of poison in your body!
You feel sick.
There is a lethal amount of poison in your body!
You die...

#.#####7###
#.# #.# #.# ~
#.# ~P #.#
P~~ #.# ~~P~
##.## ~~~~~
#.@)7~~~PP~
###)~~~~P~.
#....7~~~~~~.
#.... 7~~~P7.
#.... ~~~~~.
#.... ~~~~..
#.... P~~~.
#.... P~P~.
#.... 7~.~


There were no monsters in sight!

Vanquished Creatures
  A scorpion (D:5)
  An iguana (D:4)
  4 gnolls
  6 adders
  A worm (D:3)
  4 dart slugs
  2 orcs (D:5)
  6 ball pythons
  8 endoplasms
  4 giant cockroaches
  4 goblins
  8 hobgoblins
  7 kobolds
  4 quokkas
  5 bats
  2 frilled lizards
  A rat (D:3)
68 creatures vanquished.

Notes
Turn   | Place    | Note
-------+----------+-------------------------------------------
     0 | D:1      | qw the Deep Elf Hunter began the quest for the Orb.
     0 | D:1      | Reached XP level 1. HP: 12/12 MP: 3/3
     0 | D:1      | 0 ||| qw: Version: 0.3-a-9-g12657ce
     0 | D:1      | 0 ||| qw: Game counter: 4856
     0 | D:1      | 0 ||| qw: Always use a shield: true
     0 | D:1      | 0 ||| qw: God list: Okawaru
     0 | D:1      | 0 ||| qw: Allow faded altars: false
     0 | D:1      | 0 ||| qw: Do Orc after D:15 true
     0 | D:1      | 0 ||| qw: Do second Lair branch before Depths: true
     0 | D:1      | 0 ||| qw: Lair rune preference: random
     0 | D:1      | 0 ||| qw: Plans: Normal
     0 | D:1      | 0 ||| PLANNING D:1-11
    43 | D:1      | Found Raanes's Vocational Training.
   178 | D:1      | Reached skill level 6 in Ranged Weapons
   178 | D:1      | Reached XP level 2. HP: 16/16 MP: 4/4
   272 | D:1      | Noticed a golden eye
   275 | D:1      | Found a faded altar of an unknown god.
   277 | D:1      | Noticed a shining eye
   277 | D:1      | Noticed an eye of devastation
   277 | D:1      | Noticed an eye of devastation
   384 | D:1      | Reached XP level 3. HP: 20/20 MP: 5/5
   613 | D:1      | 613 ||| UPGRADING to +0 ring mail.
   623 | D:1      | 623 ||| DROPPING +0 leather armour.
   624 | D:1      | 624 ||| UPGRADING to +0 cloak.
   629 | D:1      | 629 ||| UPGRADING to ring of protection from cold.
   630 | D:1      | 630 ||| READING scroll labelled AVIS DACZUPO.
   631 | D:1      | 631 ||| DROPPING scroll of butterflies.
   771 | D:2      | Reached skill level 7 in Ranged Weapons
  1102 | D:2      | 1102 ||| FLEEEEING.
  1105 | D:2      | 1105 ||| FLEEEEING.
  1106 | D:2      | 1106 ||| FLEEEEING.
  1267 | D:2      | 1267 ||| FLEEEEING.
  1269 | D:2      | 1269 ||| FLEEEEING.
  1270 | D:2      | 1270 ||| FLEEEEING.
  1271 | D:2      | 1271 ||| FLEEEEING.
  1367 | D:2      | Reached XP level 4. HP: 25/25 MP: 6/6
  1374 | D:2      | 1374 ||| READING scroll labelled BOLEUB JECVE.
  1375 | D:2      | 1375 ||| READING 2 scrolls labelled DUAHEQIAQUQ.
  1376 | D:2      | 1376 ||| READING scroll of enchant armour.
  1376 | D:2      | 1376 ||| ENCHANTING +0 cloak.
  1377 | D:2      | 1377 ||| DRINKING 2 white potions.
  1378 | D:2      | 1378 ||| DROPPING potion of brilliance.
  1380 | D:2      | 1380 ||| Stepping ~*~*~tactically~*~*~ (cloud).
  1386 | D:2      | HP: 6/25 [poisoned by you (poison gas)]
  1994 | D:3      | Reached skill level 8 in Ranged Weapons
  2126 | D:3      | 2126 ||| UPGRADING to +0 pair of boots.
  2131 | D:3      | 2131 ||| DROPPING +0 pair of boots.
  2132 | D:3      | 2132 ||| READING scroll labelled DUDAWKE AQYZ.
  2133 | D:3      | 2133 ||| READING scroll labelled HUTRUZ ADUIMO.
  2138 | D:3      | 2138 ||| DRINKING 2 fuming inky potions.
  2138 | D:3      | Gained mutation: You have large cloven feet. [potion of
                  | mutation]
  2139 | D:3      | 2139 ||| DRINKING 2 glowing white potions.
  2140 | D:3      | 2140 ||| DRINKING 2 pink potions.
  2141 | D:3      | 2141 ||| DROPPING potion of invisibility.
  2272 | D:4      | HP: 6/25 [iguana (7)]
  2273 | D:4      | 2273 ||| DRINKING potion of heal wounds.
  2275 | D:4      | Reached XP level 5. HP: 29/29 MP: 7/7
  2310 | D:4      | 2310 ||| FLEEEEING.
  2311 | D:4      | 2311 ||| FLEEEEING.
  2312 | D:4      | 2312 ||| FLEEEEING.
  2316 | D:4      | 2316 ||| STAIRDANCE
  2327 | D:3      | 2327 ||| READING scroll labelled OFATIH OCRY.
  2328 | D:3      | 2328 ||| READING scroll labelled LOFUQO FYNO.
  2329 | D:3      | 2329 ||| READING scroll labelled MELU EZ SIY.
  2661 | D:4      | Found a staircase to the Ecumenical Temple.
  2662 | D:4      | 2662 ||| PLANNING TEMPLE
  2662 | D:4      | 2662 ||| UPGRADING to +0 helmet.
  2667 | D:4      | 2667 ||| READING 2 scrolls labelled HASSOU DOICS.
  2668 | D:4      | 2668 ||| READING scroll labelled KIDOGE SIOLUMP.
  2677 | Temple   | Entered the Ecumenical Temple
  2701 | Temple   | 2701 ||| PLANNING OKAWARU WORSHIP
  2833 | Temple   | Became a worshipper of Warmaster Okawaru
  2834 | Temple   | 2834 ||| PLANNING D:1-11
  3016 | D:5      | Entered Level 5 of the Dungeon
  3050 | D:5      | 3050 ||| Stepping ~*~*~tactically~*~*~ (water).
  3068 | D:5      | Reached skill level 1 in Armour
  3068 | D:5      | HP: 7/29 [poisoned by a scorpion]
  3070 | D:5      | HP: 3/29 [poisoned by a scorpion]
  3071 | D:5      | HP: 1/29 [poisoned by a scorpion]
  3072 | D:5      | Succumbed to a scorpion's poison

Levels and vault maps discovered:
D:1:      wander_arrival_estate, layout_basic,
          hellmonk_ecumenical_altar_watching_god, nicolae_shop_vocational
D:2:      layout_basic
D:3:      layout_loops_ring, corexii_leaking_fountain
D:4:      layout_rooms, minmay_temple_entry_poolview, fountainhead
D:5:      layout_basic, nicolae_tso_besieged_by_evil, serial_bayou_ford_a,
          uniq_menkaure
Temple:   chequers_temple_sunken

Skill      XL: |  1  2  3  4  5 |
---------------+----------------+-----
Ranged Weapons | 6 7 8 |  8.9
Armour         | 1 |  1.9
Fighting       | |  1.5
Dodging        | |  2.4
Stealth        | |  1.2

Action                     |  1- 3 |  4- 6 || total
---------------------------+-------+-------++-------
   Fire: Shortbow          |    97 |   123 ||   220
    Use: Scroll            |     1 |    10 ||    11
         Potion            |       |     5 ||     5
 Armour: Leather armour    |     1 |       ||     1
         Ring mail         |    18 |    25 ||    43
  Dodge: Dodged            |    23 |    26 ||    49

Table legend:
 A = Non-vault XP
 B = Vault XP
 C = Vault XP percentage of total XP
 D = Non-vault monster count
 E = Vault monster count
 F = Vault count percentage of total count
                 A         B        C        D         E       F
            +---------+---------+-------+---------+---------+-------
      Total |     374 |       0 |   0.0 |      68 |       0 |   0.0
            +---------+---------+-------+---------+---------+-------
        D:1 |      41 |       0 |   0.0 |      15 |       0 |   0.0
        D:2 |      56 |       0 |   0.0 |      18 |       0 |   0.0
        D:3 |      57 |       0 |   0.0 |      17 |       0 |   0.0
        D:4 |     108 |       0 |   0.0 |      13 |       0 |   0.0
        D:5 |     112 |       0 |   0.0 |       5 |       0 |   0.0
            +---------+---------+-------+---------+---------+-------
